 Dungeon Sprint DCSS version 0.27-a0-1322-gfdffb62a71 (webtiles) character file.

Game seed: 16752976281973208526

1561 mhtbhm the Basher (level 8, -10/58 HPs)
             Began as a Gargoyle Monk on June 22, 2021.
             Was a High Priest of Yredelemnul.
             Mangled by a phantasmal warrior (25 damage)
             ... in the Dungeon (Sprint VII: "The Pits").
             The game lasted 00:03:36 (1442 turns).

mhtbhm the Basher (Gargoyle Monk)                   Turns: 1442, Time: 00:03:36

Health: -10/58     AC: 22    Str: 17    XL:     8   Next: 89%
Magic:  11/14      EV: 13    Int: 11    God:    Yredelemnul [*****.]
Gold:   0          SH:  0    Dex: 15    Spells: 7/7 levels left

rFire    . . .     SeeInvis .   a - +2 morningstar of Onuotedd {vorpal, rPois}
rCold    . . .     Faith    .   (no shield)
rNeg     + . .     Spirit   .   b - +4 scale mail
rPois    ∞         Reflect  .   (no helmet)
rElec    +         Harm     .   q - +0 cloak
rCorr    .         Rampage  .   r - +0 pair of gloves
Will     .....     NoTele   +   (no boots)
Stlth    ++........             (no amulet)
HPRegen  0.19/turn              l - +3 ring of protection
MPRegen  0.14/turn              m - +3 ring of dexterity

@: no status effects
A: sickness immunity, AC +5, negative energy resistance 1, electricity
resistance, torment resistance 1, petrification resistance
a: Renounce Religion, Recall Undead Slaves, Injury Mirror, Animate Dead, Drain
Life, Enslave Soul


You were in the Dungeon.
You worshipped Yredelemnul.
Yredelemnul was extremely pleased with you.
You visited 1 branch

Inventory:

Hand Weapons
 a - the +2 morningstar of Onuotedd (weapon) {vorpal, rPois}
   (You found it in the Dungeon)

   It inflicts extra damage upon your enemies.
   It protects you from poison.
Armour
 b - a +4 scale mail (worn)
 q - a +0 cloak (worn)
 r - a +0 pair of gloves (worn)
Jewellery
 l - a +3 ring of protection (left hand)
 m - a +3 ring of dexterity (right hand)
Scrolls
 h - a scroll of blinking
 j - 5 scrolls of amnesia
 k - a scroll of summoning
Potions
 c - 6 potions of curing
 d - 7 potions of heal wounds
 e - 2 potions of haste
 f - 4 potions of magic
 g - 3 potions of berserk rage
 i - 2 potions of invisibility
 n - a potion of resistance
 o - 2 potions of might
 p - a potion of mutation


   Skills:
 + Level 10.4 Fighting
 + Level 11.2 Maces & Flails
 + Level 5.8 Armour
 + Level 7.4 Dodging
 + Level 5.8 Stealth
 + Level 8.2 Invocations


You had 7 spell levels left.
You didn't know any spells.
Your spell library was empty.

Dungeon Overview and Level Annotations

Branches:
Dungeon (1/1)

Altars:
Ashenzari
Cheibriados
Dithmenos
Elyvilon
Fedhas
Gozag
Hepliaklqana
Kikubaaqudgha
Makhleb
Nemelex Xobeh
Okawaru
Qazlal
Ru
Sif Muna
Trog
Uskayaw
Vehumet
Wu Jian
Xom
Yredelemnul
Zin
The Shining One
Beogh
Jiyva
Lugonu


Innate Abilities, Weirdness & Mutations

You are immune to sickness and miasma.
Your stone body is resilient. (AC +5)
You are immune to poison.
You resist negative energy. (rN+)
You are resistant to electric shocks. (rElec)
You are resistant to unholy torment.
You are immune to petrification.


Message History

Unknown command.
You swap places.
The deep troll bites your wraith! The deep troll claws your wraith!
The deep troll claws your wraith.
Your wraith hits the deep troll.
Your vampire draws life force from the deep troll.
The deep troll dies!
Yredelemnul accepts your kill.
The troll leather armour is intact enough to wear.
Your Fighting skill increases to level 10!
Your Maces & Flails skill increases to level 11!
Your Armour skill increases to level 5!
Your Invocations skill increases to level 8!
Unknown command.
Unknown command.
You call on the dead to rise...
The dead are walking!
Something hits your deep troll zombie but does no damage.
Something kicks your deep troll zombie but does no damage.
The phantasmal warrior blinks!
Unknown command.
Okay, then.
Something hits your deep troll zombie. Something kicks your deep troll zombie.
Something bites your deep troll zombie!!
Your gnoll zombie hits the phantasmal warrior but does no damage.
Something hits your deep troll zombie.
Something completely misses your deep troll zombie.
The phantasmal warrior hits your gnoll zombie!!
Your gnoll zombie is destroyed!
Unknown command.
Something hits your deep troll zombie. Something kicks your deep troll zombie.
Your deep troll zombie bites something!!
Your deep troll zombie claws something!
Yredelemnul accepts your kill.
You feel a bit more experienced.
The fire crab barely misses your deep troll zombie.
The fire crab closely misses your deep troll zombie.
Something bites your deep troll zombie!!
Your deep troll zombie is destroyed!
The phantasmal warrior hits you!!
You die...
Your body rises from the dead as a mindless zombie.

......'................+
#'#####.....Z#..#......#
#.#[[##................#
#.#))#####'#####''######
).#))##.......##)'#####
###ZZ##.......##......+
..#ZZ##.......##.Z....+
..#Z###...<...##WZZ..##
.Z.Z.##.......##@WZ###
.....##.......##ZZ##
#######.......##VZ#
..#..###########zW[w.....
..#.############++#t..#..
..#.#....#zZ.[# #.....
Z.#[#....#zZ.[# ##...
z.#.Z....ZVW))# ..
..#'#....#ZZ))# .


You could see a fire crab, a phantasmal warrior (ally target), a friendly
vampire (invisible), 2 friendly wraiths, a friendly wight, a friendly ball
python zombie, a friendly boulder beetle zombie, 2 friendly gnoll zombies, a
friendly spriggan zombie, a friendly ogre zombie and a friendly necrophage
skeleton.

Vanquished Creatures
  An efreet (D)
  A sky beast (D)
  An ogre (D)
  A necrophage (D)
  A quasit (D)
  A gnoll shaman (D)
  4 gnolls (D)
  2 river rats (D)
  An adder simulacrum (D)
  A bat zombie (D)
  An endoplasm (D)
  2 giant cockroaches (D)
  A goblin (D)
  A hobgoblin (D)
  A quokka (D)
  A frilled lizard (D)
21 creatures vanquished.

Vanquished Creatures (collateral kills)
  A boulder beetle (D)
  A deep troll (D)
  A spriggan (D)
  A centaur (D)
  An adder (D)
  A ball python (D)
  A giant cockroach zombie (D)
7 creatures vanquished.

Vanquished Creatures (others)
  2 wights (D)
  A deep troll zombie (D)
  An adder zombie (D)
  A giant cockroach zombie (D)
  A gnoll zombie (D)
  A goblin zombie (D)
  A hobgoblin zombie (D)
  A quokka zombie (D)
9 creatures vanquished.

Grand Total: 37 creatures vanquished

Notes
Turn   | Place    | Note
-------+----------+-------------------------------------------
     0 | D        | mhtbhm the Gargoyle Monk began the quest for the Orb.
     0 | D        | Reached XP level 1. HP: 14/14 MP: 1/1
    17 | D        | Found a bloodstained altar of Trog.
    17 | D        | Found a shimmering blue altar of Sif Muna.
    17 | D        | Found a viscous altar of Jiyva.
    17 | D        | Found a hazy altar of Hepliaklqana.
    17 | D        | Found an opulent altar of Gozag.
    18 | D        | Found a glowing golden altar of the Shining One.
    18 | D        | Found a glowing silver altar of Zin.
    18 | D        | Found a basalt altar of Yredelemnul.
    18 | D        | Found a shimmering altar of Xom.
    18 | D        | Found an ornate altar of the Wu Jian Council.
    18 | D        | Found a sacrificial altar of Ru.
    18 | D        | Found a stormy altar of Qazlal.
    18 | D        | Found an iron altar of Okawaru.
    18 | D        | Found a sparkling altar of Nemelex Xobeh.
    18 | D        | Found a burning altar of Makhleb.
    18 | D        | Found a blossoming altar of Fedhas.
    18 | D        | Found a white marble altar of Elyvilon.
    18 | D        | Found a shadowy altar of Dithmenos.
    18 | D        | Found a snail-covered altar of Cheibriados.
    20 | D        | Found a radiant altar of Vehumet.
    20 | D        | Found a corrupted altar of Lugonu.
    21 | D        | Found a hide-covered altar of Uskayaw.
    21 | D        | Found an ancient bone altar of Kikubaaqudgha.
    21 | D        | Found a broken altar of Ashenzari.
    25 | D        | Became a worshipper of Yredelemnul the Dark
    25 | D        | Reached * piety under Yredelemnul
    25 | D        | Reached ** piety under Yredelemnul
    81 | D        | Reached skill level 4 in Maces & Flails
    81 | D        | Reached XP level 2. HP: 20/20 MP: 2/2
   162 | D        | Reached *** piety under Yredelemnul
   170 | D        | Reached XP level 3. HP: 14/24 MP: 3/3
   422 | D        | Noticed a sky beast
   422 | D        | Noticed an ogre
   427 | D        | Reached **** piety under Yredelemnul
   428 | D        | Reached skill level 5 in Fighting
   448 | D        | Killed a sky beast
   449 | D        | Reached skill level 6 in Maces & Flails
   449 | D        | Reached XP level 4. HP: 32/32 MP: 1/5
   456 | D        | Reached XP level 5. HP: 36/36 MP: 2/6
   458 | D        | Killed an ogre
   458 | D        | Reached ***** piety under Yredelemnul
   458 | D        | Received a gift from Yredelemnul (a wight)
   459 | D        | Reached skill level 7 in Maces & Flails
   459 | D        | Reached skill level 5 in Dodging
   631 | D        | Noticed a boulder beetle
   649 | D        | Killed a boulder beetle
   650 | D        | Received a gift from Yredelemnul (a wight)
   650 | D        | Reached skill level 9 in Maces & Flails
   650 | D        | Reached skill level 1 in Armour
   650 | D        | Reached skill level 5 in Stealth
   650 | D        | Reached skill level 5 in Invocations
   650 | D        | Reached XP level 6. HP: 25/46 MP: 7/10
   650 | D        | Reached XP level 7. HP: 28/51 MP: 7/11
   895 | D        | Received a gift from Yredelemnul (a wight)
   895 | D        | Received a gift from Yredelemnul (a wraith)
   896 | D        | Reached skill level 10 in Maces & Flails
   978 | D        | Received a gift from Yredelemnul (a vampire)
  1138 | D        | Got the +2 morningstar of Onuotedd {vorpal, rPois}
  1223 | D        | Noticed a spriggan
  1223 | D        | Noticed an efreet
  1230 | D        | Killed an efreet
  1230 | D        | Received a gift from Yredelemnul (a wraith)
  1231 | D        | Reached XP level 8. HP: 33/57 MP: 11/13
  1236 | D        | Killed a spriggan
  1429 | D        | Noticed a tyrant leech
  1430 | D        | Noticed a phantasmal warrior
  1430 | D        | Noticed a deep troll
  1432 | D        | Noticed a black mamba
  1433 | D        | Noticed a fire crab
  1439 | D        | Killed a deep troll
  1440 | D        | Reached skill level 10 in Fighting
  1440 | D        | Reached skill level 11 in Maces & Flails
  1440 | D        | Reached skill level 5 in Armour
  1442 | D        | Mangled by a phantasmal warrior

Illustrated notes

Levels and vault maps discovered:
D:        pitsprint [storerooms_1, entrance_room_1, metal_vault_4, armoury_1,
          mini_pit_1, grid_room_1, main_hall_1, silver_pit, the_coven_3,
          the_vestibule_1, steel_vault_1, golden_pit, hallway_of_sentries,
          crystal_vault_3, iron_vault_1, final_vault]

Skill      XL: |  1  2  3  4  5  6  7  8 |
---------------+-------------------------+-----
Fighting       | 4 6 9 10 | 10.4
Maces & Flails | 4 6 9 10 11 | 11.2
Dodging        | 3 4 6 7 |  7.4
Stealth        | 3 5 |  5.8
Invocations    | 2 5 7 8 |  8.2
Armour         | 1 3 5 |  5.8

Action                   |  1- 3 |  4- 6 |  7- 9 || total
-------------------------+-------+-------+-------++-------
Melee: Mace              |    18 |       |       ||    18
       Flail             |    10 |    20 |    29 ||    59
       Morningstar       |       |       |    17 ||    17
Invok: Animate Remains   |     3 |       |       ||     3
       Animate Dead      |     3 |     2 |     6 ||    11
       Injury Mirror     |       |     1 |       ||     1
       Recall Undead Sla |       |       |     2 ||     2
  Use: Potion            |     4 |     2 |       ||     6
 Stab: Sleeping          |     1 |       |       ||     1
       Distracted        |       |       |     1 ||     1
Armor: Robe              |     5 |       |       ||     5
       Chain mail        |     6 |     6 |    34 ||    46
       Scale mail        |       |       |    10 ||    10
Dodge: Dodged            |    17 |     3 |    33 ||    53

Table legend: (Time is in decaauts)
 A = Elapsed time spent in this place.
 B = Non-inter-level travel time spent in this place.
 C = Inter-level travel time spent in this place.
 D = Time resting spent in this place.
 E = Time spent auto-exploring this place.
 F = Levels seen in this place.
 G = Mean time per level.
                   A        B        C        D        E       F      G
               +--------+--------+--------+--------+--------+-----+--------+
         Total |   1461 |   1461 |      0 |    955 |     82 |   1 | 1461.0 |
       Dungeon |   1461 |   1461 |      0 |    955 |     82 |   1 | 1461.0 |
               +--------+--------+--------+--------+--------+-----+--------+

Top non-repeatable levels by time:
       D: 1461 daAuts
